 Dungeon Crawl Stone Soup version 0.29-a0-817-g9904bce7a6 (webtiles) character file.

Game seed: 2998689854410979294

30 blackman the Sneak (level 3, -4/29 HPs)
             Began as a Human Delver on July 5, 2022.
             Slain by a kobold brigand
             ... wielding a +0 dagger
              (6 damage)
             ... in a sewer.
             The game lasted 00:01:02 (445 turns).

blackman the Sneak (Human Delver)                    Turns: 445, Time: 00:01:03

Health: -4/29      AC:  3    Str: 14    XL:     3   Next: 35%
Magic:  3/3        EV: 12    Int: 10    God:
Gold:   20         SH:  0    Dex: 14    Spells: 2/2 levels left

rFire   . . .      SeeInvis .   a - +0 hand axe
rCold   . . .      Faith    .   (no shield)
rNeg    . . .      Spirit   .   b - +0 leather armour
rPois   .          Reflect  .   (no helmet)
rElec   .          Harm     .   (no cloak)
rCorr   .          Rampage  .   (no gloves)
Will    .....                   (no boots)
Stlth   +++.......              (no amulet)
HPRegen 0.09/turn               (no ring)
MPRegen 0.08/turn               (no ring)

@: no status effects
A: no striking features
a: no special abilities


You were in a sewer.
You visited 1 branch of the dungeon, and saw 1 of its levels.
You also visited: Sewer.

You collected 20 gold pieces.

Inventory:

Hand Weapons
 a - a +0 hand axe (weapon)
Armour
 b - a +0 leather armour (worn)
Jewellery
 i - a ring of flight
Wands
 g - a wand of digging (3)
Scrolls
 c - a scroll of fog
 d - a scroll of magic mapping
 e - 2 scrolls of fear


   Skills:
 - Level 3.0 Fighting
 - Level 2.0 Axes
 - Level 2.0 Dodging
 - Level 5.0 Stealth
 + Level 2.7 Evocations


You had 2 spell levels left.
You didn't know any spells.
Your spell library was empty.

Dungeon Overview and Level Annotations

Branches:
Dungeon (5/15)              Sewer (1/1)
 Temple: D:4-7

Altars:
Kikubaaqudgha


Message History

You barely miss the kobold. The kobold brigand misses you.
The kobold misses you. x2
You slash the kobold!
You kill the kobold!
You miss the kobold.
You hit the kobold brigand but do no damage.
The kobold brigand hits you with a +0 dagger.
The kobold hits you but does no damage.
The kobold throws a stone.
The stone hits you.
You hit the kobold brigand.
The kobold brigand is lightly wounded.
You hit the kobold.
You kill the kobold!
The kobold brigand barely misses you.
The kobold brigand hits you with a +0 dagger.
The kobold barely misses you.
You hit the kobold brigand.
The kobold brigand is moderately wounded.
You closely miss the kobold.
The kobold brigand hits you with a +0 dagger.
* * * LOW HITPOINT WARNING * * *
An endoplasm comes into view.
The kobold closely misses you.
The endoplasm quivers.
You hit the kobold brigand.
The kobold brigand is heavily wounded.
You hit the kobold. The kobold brigand misses you.
The kobold hits you but does no damage.
You hit the kobold brigand.
The kobold brigand is heavily wounded.
You barely miss the kobold.
The kobold brigand hits you but does no damage.
The kobold hits you with a +0 club.
* * * LOW HITPOINT WARNING * * *
You hit the kobold brigand.
The kobold brigand is severely wounded.
You hit the kobold.
You kill the kobold!
The kobold brigand hits you with a +0 dagger.
You die...

≈≈≈≈≈≈#......#
≈≈≈≈≈#......#
#≈≈≈#......#
#≈≈≈#≈≈.J..#
#≈≈≈#≈≈...#
#≈≈≈≈≈P...##
#≈≈≈≈≈≈....#
#≈≈≈#≈...###
#≈≈≈#K@).#
#≈≈≈##))##
#≈≈≈#.?..#
#≈≈≈#..?.#
#≈≈≈#.∩.!#
#≈≈≈#...!#
#≈≈≈######
#≈≈≈'...#
#≈≈≈#.∩∩#


You could see a kobold brigand and an endoplasm.

Vanquished Creatures
  2 adders (D:5)
  3 giant cockroaches
  6 kobolds (Sewer)
  A quokka (D:5)
12 creatures vanquished.

Vanquished Creatures (others)
  2 plants (Sewer)
  2 withered plants (D:5)
4 creatures vanquished.

Grand Total: 16 creatures vanquished

Notes
Turn   | Place    | Note
-------+----------+-------------------------------------------
     0 | D:5      | blackman the Human Delver began the quest for the Orb.
     0 | D:5      | Reached XP level 1. HP: 18/18 MP: 1/1
    17 | D:5      | Found an ancient bone altar of Kikubaaqudgha.
    70 | D:5      | Found a glowing drain.
    97 | D:5      | Reached skill level 1 in Evocations
   109 | D:5      | Reached XP level 2. HP: 7/24 MP: 2/2
   109 | D:5      | Reached XP level 3. HP: 9/29 MP: 3/3
   413 | Sewer    | Entered a sewer
   432 | Sewer    | Noticed a kobold brigand
   445 | Sewer    | Slain by a kobold brigand

Illustrated notes

Levels and vault maps discovered:
D:5:      layout_rooms, kiku_gazebo_garden_becter, gup_sewer_entry_glass
Sewer:    kennysheep_pipe_town

Skill      XL: |  1 |
---------------+----+-----
Evocations     | 2 |  2.7
Fighting       | |  3.0
Axes           | |  2.0
Dodging        | |  2.0
Stealth        | |  5.0

Action                   || total
-------------------------++-------
Melee: Hand axe          ||    38
  Use: Potion            ||     2
       Scroll            ||     1
Armor: Skin              ||    26
       Leather armour    ||     8
Dodge: Dodged            ||    32

Table legend: (Time is in decaauts)
 A = Elapsed time spent in this place.
 B = Non-inter-level travel time spent in this place.
 C = Inter-level travel time spent in this place.
 D = Time resting spent in this place.
 E = Time spent auto-exploring this place.
 F = Levels seen in this place.
 G = Mean time per level.
                   A        B        C        D        E       F      G
               +--------+--------+--------+--------+--------+-----+--------+
         Total |    447 |    442 |      5 |    295 |     29 |   2 |  223.5 |
       Dungeon |    406 |    401 |      5 |    295 |     13 |   1 |  406.0 |
         Sewer |     41 |     41 |      0 |      0 |     16 |   1 |   41.0 |
               +--------+--------+--------+--------+--------+-----+--------+

Top non-repeatable levels by time:
     D:5: 406 daAuts
   Sewer: 41 daAuts
